 Dungeon Crawl Stone Soup version 0.26.0-45-g9c1d065592 (webtiles) character file.

Game seed: 15865504801612891569

399 XxsatanxX the Chopper (level 6, 0/57 HPs)
             Began as a Deep Dwarf Fighter on Jan 30, 2021.
             Slain by an iguana (3 damage)
             ... on level 4 of the Dungeon.
             The game lasted 00:04:44 (2144 turns).

XxsatanxX the Chopper (Deep Dwarf Fighter)          Turns: 2144, Time: 00:04:45

Health: 0/57       AC:  6    Str: 19    XL:     6   Next: 54%
Magic:  6/6        EV:  7    Int:  9    God:
Gold:   95         SH: 10    Dex: 14    Spells: 5/5 levels left

rFire    . . .     SeeInvis .   a - +0 war axe
rCold    . . .     Faith    .   c - +0 kite shield
rNeg     . . .     Spirit   .   b - +0 scale mail
rPois    .         Reflect  .   (no helmet)
rElec    .         Harm     .   (no cloak)
rCorr    .         Rampage  .   (no gloves)
Will     .....                  (no boots)
Stlth    ..........             (no amulet)
HPRegen  0.00/turn              (no ring)
MPRegen  0.10/turn              (no ring)

@: non-regenerating
A: damage resistance, heal wounds, sense surroundings 1, no regeneration
a: Heal Wounds


You were on level 4 of the Dungeon.
You visited 1 branch of the dungeon, and saw 4 of its levels.

You collected 95 gold pieces.

Inventory:

Hand Weapons
 a - a +0 war axe (weapon)
Missiles
 l - 18 poisoned darts
Armour
 b - a +0 scale mail (worn)
 c - a +0 kite shield (worn)
Scrolls
 g - 2 scrolls of magic mapping
 j - 4 scrolls of blinking
Potions
 d - a potion of might
 f - a potion of curing {unknown}
 h - a potion of haste
 k - a potion of mutation {unknown}
 m - a potion of cancellation {unknown}
 n - a potion of lignification {unknown}


   Skills:
 + Level 4.1 Fighting
 * Level 5.7 Axes
 - Level 3.2 Armour
 + Level 4.9 Shields


You had 5 spell levels left.
You didn't know any spells.
Your spell library was empty.

Dungeon Overview and Level Annotations

Branches:
Dungeon (4/15)
 Temple: D:4-7

Altars:
Fedhas


Innate Abilities, Weirdness & Mutations

You are resistant to damage.
You can heal yourself by infusing magical energy.
You passively map a small area around you.
You do not regenerate.


Message History

There is a stone staircase leading up here.
You hit the iguana.
The iguana is heavily wounded.
The iguana bites you!
* * * LOW HITPOINT WARNING * * *
You hit the iguana.
The iguana is severely wounded.
The iguana closely misses you.
You barely miss the iguana.
The iguana is severely wounded.
You block the iguana's attack. The iguana bites you.
* * * LOW HITPOINT WARNING * * *
You closely miss the iguana.
The iguana is severely wounded.
The iguana bites you.
* * * LOW HITPOINT WARNING * * *
You hit the iguana.
The iguana is almost dead.
The iguana bites you.
You die...

* , * *
* *,,
,#####,
* #@..#
#l..# *
,#.###,
, #.# *
#.# , *
#.# #.#
* #.. *
* *


You could see an iguana.

Vanquished Creatures
  2 big kobolds (D:3)
  A water moccasin skeleton (D:2)
  A bullfrog skeleton (D:3)
  A bullfrog zombie (D:2)
  A worker ant (D:4)
  3 adders
  An ooze (D:1)
  4 dart slugs
  4 leopard geckos
  5 giant cockroaches
  6 goblins
  18 hobgoblins
  4 jackals (D:3)
  13 kobolds
  2 ball pythons (D:3)
  14 bats
  4 frilled lizards (D:2)
  6 rats
90 creatures vanquished.

Notes
Turn   | Place    | Note
-------+----------+-------------------------------------------
     0 | D:1      | XxsatanxX the Deep Dwarf Fighter began the quest for the
                  | Orb.
     0 | D:1      | Reached XP level 1. HP: 20/20 MP: 1/1
   108 | D:1      | Reached XP level 2. HP: 27/27 MP: 2/2
   195 | D:1      | Reached skill level 3 in Axes
   262 | D:1      | Reached XP level 3. HP: 28/34 MP: 3/3
   947 | D:2      | Reached XP level 4. HP: 25/42 MP: 4/4
   951 | D:2      | Reached skill level 4 in Axes
  1070 | D:2      | Reached XP level 5. HP: 22/49 MP: 5/5
  1073 | D:2      | Found a blossoming altar of Fedhas.
  1627 | D:3      | Reached skill level 5 in Axes
  1627 | D:3      | Reached XP level 6. HP: 13/57 MP: 6/6
  2144 | D:4      | Slain by an iguana

Illustrated notes

Levels and vault maps discovered:
D:1:      minmay_arrival_hallway, layout_basic
D:2:      minmay_wonky_spiral, layout_rooms, fedhas_altar_1
D:3:      cheibrodos_thug_alley, layout_rooms
D:4:      layout_basic, minitemple, minmay_temple_entry_butterflies,
          serial_shops, kennysheep_little_box, uniq_eustachio, uniq_menkaure

Skill      XL: |  1  2  3  4  5 |
---------------+----------------+-----
Axes           | 3 4 5 |  5.7
Fighting       | 3 4 |  4.1
Shields        | 4 |  4.9
Armour         | |  3.2

Action                   |  1- 3 |  4- 6 || total
-------------------------+-------+-------++-------
Melee: War axe           |   101 |   135 ||   236
 Abil: Heal Wounds       |       |     2 ||     2
  Use: Scroll            |     1 |     5 ||     6
Armor: Scale mail        |    49 |   104 ||   153
Dodge: Dodged            |    41 |    62 ||   103
Block: Kite shield       |    66 |   124 ||   190
